 Dungeon Crawl Stone Soup version 0.31-a0-536-ga3e2962e35 (webtiles) character file.

Game seed: 7572661477028625823

597 Ethylacetat the Sneak (level 7, -4/49 HPs)
             Began as an Octopode Gladiator on Aug 13, 2023.
             Killed by nerve-wracking pain
             ... invoked by an orc priest
              (13 damage)
             ... on level 5 of the Dungeon.
             The game lasted 00:03:38 (3416 turns).

Ethylacetat the Sneak (Octopode Gladiator)          Turns: 3416, Time: 00:03:39

Health: -4/49      AC:  5    Str: 13    XL:     7   Next: 40%
Magic:  7/7        EV: 15    Int: 10    God:
Gold:   253        SH:  0    Dex: 18    Spells: 6/6 levels left

rFire   + + .        p - +10 war axe of Prudence {freeze, rPois rF+ rC- Dex+2}
rCold   x . .        (no shield)
rNeg    . . .        b - +0 hat
rPois   +            e - amulet of the acrobat
rElec   .            j - ring of protection from fire
rCorr   .            h - +4 ring of protection
SInv    .            v - ring of flight
Will    .....        (no ring)
Stlth   ++++         (no ring)
HPRegen 0.28/turn    (no ring)
MPRegen 0.10/turn    (no ring)
                     (no ring)

%: acrobat
@: flying
A: almost no armour, amphibious, 8 rings, camouflage 1, gelatinous body 1,
(nimble swimmer 1), tentacles
a: no special abilities


You were on level 5 of the Dungeon.
You visited 1 branch of the dungeon, and saw 5 of its levels.

You collected 253 gold pieces.

Inventory:

Hand Weapons
 a - a +0 rapier
 n - a +2 spear of freezing
 p - the +10 war axe of Prudence (weapon) {freeze, rPois rF+ rC- Dex+2}
   (You found it on level 2 of the Dungeon)

   Dex+2:     It affects your dexterity (+2).
   rF+:       It protects you from fire.
   rC-:       It makes you vulnerable to cold.
   rPois:     It protects you from poison
Missiles
 c - 4 throwing nets (quivered)
 d - 4 javelins
 r - 3 silver javelins
Armour
 b - a +0 hat (worn)
Jewellery
 e - an amulet of the acrobat (around mantle)
 h - a +4 ring of protection (right tentacle)
 j - a ring of protection from fire (left tentacle)
 v - a ring of flight (on tentacle)
Wands
 u - a wand of paralysis (3)
Scrolls
 f - 2 scrolls of fear {unknown}
 g - 2 scrolls of identify {unknown}
 i - a scroll of silence {unknown}
 l - a scroll of immolation {unknown}
 m - 2 scrolls of noise {unknown}
 o - a scroll of teleportation {unknown}
 s - a scroll of brand weapon {unknown}
Potions
 k - 3 potions of heal wounds {unknown}
 q - a potion of cancellation {unknown}
 t - 2 potions of curing {unknown}


   Skills:
 + Level 4.4 Fighting
 - Level 3.0 Short Blades
 + Level 3.0 Axes
 - Level 2.0 Throwing
 + Level 5.0 Dodging
 + Level 5.4 Stealth


You had 6 spell levels left.
You didn't know any spells.
Your spell library contained the following spells:

 Spells                   Type           Power      Damage    Failure   Level
 Freeze                   Ice            0%         1d3       36%         1
 Blink                    Tloc           0%         N/A       50%         2
 Scorch                   Fire           0%         2d5       50%         2
 Frozen Ramparts          Ice            0%         1d1       75%         3
 Hailstorm                Conj/Ice       0%         3d3       75%         3
 Summon Guardian Golem    Hex/Summ       0%         N/A       75%         3
 Flame Wave               Conj/Fire      0%         2d4       98%         4
 Manifold Assault         Tloc           0%         N/A       98%         4
 Summon Cactus Giant      Summ           0%         N/A       100%        6
 Orb of Destruction       Conj           0%         9d5       100%        7
 Spellforged Servitor     Conj/Summ      0%         N/A       100%        7


Dungeon Overview and Level Annotations

Branches:
Dungeon (5/15)
 Temple: D:4-7

Altars:
Dithmenos

Shops:
D:3 =


Innate Abilities, Weirdness & Mutations

You cannot wear most types of armour.
You are amphibious.
You can wear up to eight rings at the same time.
Your skin changes colour to match your surroundings (Stealth+).
Your rubbery body absorbs attacks. (AC +1, EV +1)
((You are camouflaged when in or above water. (Stealth+)))
You have tentacles for arms and can constrict up to eight enemies at once.


Message History

No target in view!
There is a stone staircase leading down here.
There is a stone staircase leading down here.
Found a stone staircase leading down.
No target in view!
An orc wizard and an orc priest come into view.
There are monsters nearby!
An orc comes into view.
It is wielding a +0 short sword. 2 orc priests come into view.
The orc wizard shouts!
The orc shouts!
The orc priest shouts! x2
Found a stone staircase leading up.
The orc wizard closely misses you.
You miss the orc wizard.
The orc priest shouts!
You grab the orc wizard. You constrict the orc wizard.
The orc priest mumbles some strange prayers to Beogh against you.
Beogh smites you! The orc wizard closely misses you.
The orc priest invokes the aid of Beogh against you.
Beogh smites you!
The orc wizard hits you with a +0 dagger.
The orc hits you but does no damage.
The orc priest hits you with a +0 dagger.
You slash the orc wizard! You freeze the orc wizard.
You kill the orc wizard!
You hit the orc priest. You freeze the orc priest. You slash the orc!
You freeze the orc.
You kill the orc!
The orc priest hits you with a +0 dagger.
Your Axes skill increases to level 3!
Your Dodging skill increases to level 5!
You closely miss the orc priest. Your grab misses the orc priest.
You hit the orc priest. You freeze the orc priest. You hit the orc priest.
You freeze the orc priest.
The orc priest mumbles some strange prayers to Beogh against you.
Pain shoots through your body!
* * * LOW HITPOINT WARNING * * *
The orc priest hits you with a +0 club.
* * * LOW HITPOINT WARNING * * *
The orc priest calls down the wrath of Beogh upon you.
Pain shoots through your body!
You die...

#.> #. #.# #.# #. #..
#.# .. #.# #.# ##< #.#
#.# .. #####.####.# # #.
#...........
#...##o######.#...##.#..
......o@.............+..
#.....o######.#>..##.#..
##.#.#. #.#...##.##. #
#. #.#.####.### #.
#........# # ..
###.###### ## #.# #.#
#.#


You could see 3 orc priests.

Vanquished Creatures
  A sky beast (D:5)
  An ogre (D:5)
  2 hounds (D:4)
  Crazy Yiuf (D:3)
  A sleepcap (D:4)
  Ijyb (D:4)
  2 iguanas
  An orc wizard (D:5)
  3 gnolls (D:4)
  7 adders
  A white imp (D:5)
  3 ufetubi
  3 worms
  6 dart slugs
  An orc (D:5)
  8 ball pythons
  8 endoplasms
  2 giant cockroaches
  4 hobgoblins
  7 kobolds
  4 quokkas
  7 bats
  A frilled lizard (D:3)
  12 goblins
  5 rats
92 creatures vanquished.

Notes
Turn   | Place    | Note
-------+----------+-------------------------------------------
     0 | D:1      | Ethylacetat the Octopode Gladiator began the quest for the
                  | Orb.
     0 | D:1      | Reached XP level 1. HP: 14/14 MP: 1/1
    74 | D:1      | You fall into a shaft and drop 1 floor!
   195 | D:1      | Reached skill level 1 in Stealth
   203 | D:1      | Reached XP level 2. HP: 19/19 MP: 2/2
   670 | D:1      | Reached XP level 3. HP: 25/25 MP: 3/3
  1021 | D:2      | Identified the +10 war axe of Prudence {freeze, rPois rF+
                  | rC- Dex+2}
  1097 | D:2      | Reached XP level 4. HP: 30/30 MP: 4/4
  1501 | D:3      | Found a shadowy altar of Dithmenos.
  1900 | D:3      | Found Zaoheuxtakh's Jewellery Shoppe.
  2142 | D:3      | Found a runed translucent door.
  2143 | D:3      | Noticed Crazy Yiuf
  2148 | D:3      | Killed Crazy Yiuf
  2149 | D:3      | Reached skill level 1 in Axes
  2149 | D:3      | Reached XP level 5. HP: 25/36 MP: 5/5
  2434 | D:4      | Noticed Ijyb
  2436 | D:4      | Paralysed by Ijyb for 3 turns
  2440 | D:4      | Killed Ijyb
  2484 | D:4      | Reached XP level 6. HP: 43/43 MP: 6/6
  3061 | D:5      | Entered Level 5 of the Dungeon
  3140 | D:5      | Noticed a sky beast
  3149 | D:5      | Killed a sky beast
  3150 | D:5      | Reached skill level 5 in Stealth
  3150 | D:5      | Reached XP level 7. HP: 29/48 MP: 7/7
  3416 | D:5      | Reached skill level 5 in Dodging
  3416 | D:5      | Killed from afar by an orc priest

Illustrated notes

Levels and vault maps discovered:
D:1:      grunt_arrival_crossed_arrows, layout_basic, wad_floor_pattern_1
D:2:      layout_loops_ring
D:3:      layout_loops_ring, nicolae_dithmenos_shadow_blocks, serial_shops,
          nicolae_shop_gaudy_bauble, uniq_crazy_yiuf_cottage
D:4:      layout_layer_cave, uniq_ijyb
D:5:      layout_loops_corners, serial_shops, kennysheep_little_box,
          nicolae_shop_crystal, shop, shop_fountains, kb_lookout_dungeons_type

Skill      XL: |  1  2  3  4  5  6  7 |
---------------+----------------------+-----
Stealth        | 1 2 3 4 5 |  5.4
Fighting       | 3 4 |  4.4
Axes           | 1 2 3 |  3.0
Dodging        | 4 5 |  5.0
Short Blades   | |  3.0
Throwing       | |  2.0

Action                     |  1- 3 |  4- 6 |  7- 9 || total
---------------------------+-------+-------+-------++-------
  Melee: Rapier            |    59 |     2 |       ||    61
         Constrict         |    14 |    16 |     2 ||    32
         Tentacles         |    11 |     9 |     1 ||    21
         War axe           |       |    68 |    10 ||    78
         Spear             |       |     7 |       ||     7
   Stab: Sleeping          |    14 |    16 |     2 ||    32
 Armour: Skin              |     6 |    11 |     2 ||    19
  Dodge: Dodged            |    34 |    60 |     6 ||   100

Table legend: (Time is in decaauts)
 A = Elapsed time spent in this place.
 B = Non-inter-level travel time spent in this place.
 C = Inter-level travel time spent in this place.
 D = Time resting spent in this place.
 E = Time spent auto-exploring this place.
 F = Levels seen in this place.
 G = Mean time per level.
                   A        B        C        D        E       F      G
               +--------+--------+--------+--------+--------+-----+--------+
         Total |   3449 |   3316 |    133 |      0 |   2716 |   5 |  689.8 |
       Dungeon |   3449 |   3316 |    133 |      0 |   2716 |   5 |  689.8 |
               +--------+--------+--------+--------+--------+-----+--------+

Top non-repeatable levels by time:
     D:4: 856 daAuts
     D:1: 776 daAuts
     D:3: 747 daAuts
     D:2: 707 daAuts
     D:5: 362 daAuts
